Panthers vs Canadiens
Created - den 18 februari 2015 at 17:41
Goals
|
| Panthers |
3 |
0 |
0 |
3 |
| Canadiens |
0 |
0 |
0 |
0 |
|
Shots
|
| Panthers |
11 |
4 |
10 |
25 |
| Canadiens |
5 |
10 |
2 |
17 |
|
1st period
1. Panthers , Tomas Kopecky 9 (Kevin Porter, Jason Garrison) at 14:53 (PP)
2. Panthers , Kevin Porter 5 (Brett Sutter) at 15:09
3. Panthers , Jonathan Toews 23 (James van Riemsdyk, Jared Cowen) at 17:28 (PP)
Penalties :
Ryan Suter (FLA) for Interference (Minor) at 5:28, James van Riemsdyk (FLA) for Tripping (Minor) at 9:57, Drew Stafford (MTL) for Hooking (Minor) at 13:11, Alexander Edler (MTL) for Tripping (Minor) at 15:34, Cory Sarich (FLA) for Tripping (Minor) at 17:37
2nd period
No Goal
Penalties :
No Penalty
3rd period
No Goal
Penalties :
Kyle Chipchura (MTL) for Roughing (Minor) at 16:36
Goalie Stats
Roberto Luongo (FLA), 17 saves from 17 shots - (1,000), W, 38-14-2, 60:00 minutes
Steve Mason (MTL), 22 saves from 25 shots - (0,880), L, 11-19-2, 60:00 minutes
Players Stats for Panthers
Player Name G A P +/- PIM S H SB GA TA FO MP PP MP PK MP
------------------------------------------------------------------------------------
Alexei Emelin 0 0 0 1 0 1 1 1 0 0 0/0 16:39 0:06 0:00
Brad Boyes 0 0 0 0 0 1 0 0 0 0 4/6 20:55 2:19 2:09
Brett Sutter 0 1 1 1 0 1 0 0 0 0 10/19 14:08 0:35 0:00
Brian Strait 0 0 0 0 0 1 2 0 0 0 0/0 10:34 0:45 0:05
Cory Sarich 0 0 0 1 2 0 0 0 0 0 0/0 13:33 1:00 0:35
Eric Selleck 0 0 0 0 0 0 0 0 0 0 0/0 5:20 0:00 0:00
Fedor Tyutin 0 0 0 0 0 0 0 0 0 0 0/0 8:47 1:39 2:43
James van Riemsdyk 0 1 1 0 2 3 2 1 0 0 0/0 22:31 2:42 2:25
Jared Cowen 0 1 1 0 0 0 1 0 0 0 0/0 21:16 2:38 3:14
Jason Garrison 0 1 1 0 0 0 0 0 0 0 0/0 22:13 2:50 3:14
Jim Slater 0 0 0 0 0 1 0 0 0 0 2/3 6:41 0:27 0:25
Jonathan Toews 1 0 1 0 0 4 0 0 0 0 20/31 23:55 2:42 3:48
Kevin Porter 1 1 2 1 0 5 1 0 0 0 0/0 15:37 1:04 0:00
Paul Bissonnette 0 0 0 1 0 0 0 0 0 0 0/1 15:33 0:27 0:58
Ryan Suter 0 0 0 0 2 3 1 2 0 0 0/0 26:23 2:12 2:03
Shawn Matthias 0 0 0 0 0 0 3 0 0 0 7/11 14:35 2:18 0:00
Tomas Kopecky 1 0 1 0 0 2 1 0 0 0 0/0 14:48 2:26 0:00
Vladimir Tarasenko 0 0 0 0 0 3 1 0 0 0 0/2 20:32 1:45 2:09
Players Stats for Canadiens
Player Name G A P +/- PIM S H SB GA TA FO MP PP MP PK MP
------------------------------------------------------------------------------------
Alexander Edler 0 0 0 0 2 0 1 0 0 0 0/0 22:23 3:23 2:08
Andy Miele 0 0 0 0 0 0 2 0 0 0 0/0 13:52 0:00 1:51
Brad Malone 0 0 0 0 0 1 1 0 0 0 0/1 7:31 0:00 0:00
Brandon Pirri 0 0 0 0 0 1 4 0 0 0 5/16 18:27 2:45 1:26
Derek Roy 0 0 0 0 0 0 0 0 0 0 7/20 14:52 0:00 2:51
Deryk Engelland 0 0 0 -1 0 0 2 1 0 0 0/0 16:24 0:00 0:49
Drayson Bowman 0 0 0 0 0 1 0 0 0 0 0/1 12:01 0:00 0:00
Drew Stafford 0 0 0 0 2 1 1 0 0 0 1/1 17:38 2:45 0:24
Jake Gardiner 0 0 0 0 0 0 0 0 0 0 0/0 20:11 2:34 1:56
Kyle Chipchura 0 0 0 0 2 1 0 0 0 0 5/10 7:30 0:00 0:00
Mats Zuccarello 0 0 0 -1 0 2 0 0 0 0 0/0 19:37 3:12 1:26
Michael Stone 0 0 0 0 0 0 3 1 0 0 0/0 22:11 3:12 2:03
Michal Rozsival 0 0 0 -1 0 0 2 2 0 0 0/0 18:02 0:11 2:27
Milan Michalek 0 0 0 0 0 3 1 0 0 0 0/3 20:28 2:45 3:12
Nick Bjugstad 0 0 0 -1 0 4 2 0 0 0 12/21 18:11 3:12 0:00
Nikita Nikitin 0 0 0 0 0 1 4 0 0 0 0/0 19:45 2:34 1:47
Patrick Eaves 0 0 0 0 0 0 0 0 0 0 0/0 7:08 0:00 0:00
Reilly Smith 0 0 0 -1 0 2 1 0 0 0 0/0 18:11 3:12 0:00
3 Stars
1 - Roberto Luongo (FLA)
2 - Kevin Porter (FLA)
3 - Tomas Kopecky (FLA)
Power Play
Panthers - 2 on 3 Attempt(s) - 66,67%
Canadiens - 0 on 3 Attempt(s) - 0,00%
Penalty Kill
Panthers - 3 on 3 Attempt(s) - 100,00%
- Score 0 goal in Penalty Kill
Canadiens - 1 on 3 Attempt(s) - 33,33%
- Score 0 goal in Penalty Kill
Team Stat
Panthers - Hits : 13 - Faceoff Wins : 43 - Blocked Shots : 4 - Penalty Minutes : 6
Canadiens - Hits : 24 - Faceoff Wins : 30 - Blocked Shots : 4 - Penalty Minutes : 6
Official
Referees : T.J. Luxmore and Francis Charron
Linesman : Frank Murphy and Brent Hooks
Game Notes
Fedor Tyutin is injured at 2:33 of 2nd period (Sore Right Knee)
Finance
Level 1 -- Attendance: 5628 (79,37%) -- Ticket Income 461.496 kr
Level 2 -- Attendance: 4836 (81,84%) -- Ticket Income 256.308 kr
Level 3 -- Attendance: 2048 (86,63%) -- Ticket Income 47.104 kr
Level 4 -- Attendance: 4142 (87,62%) -- Ticket Income 78.698 kr
Luxury Box -- Attendance: 922 (78,00%) -- Ticket Income 156.740 kr
Game was played at the Bell Centre'
Total Attendance: 17576 (82,62%)
Total Ticket Income: 1.000.346 kr
Other Income: 490.170 kr
Total Income: 1.490.516 kr
Panthers
5 vs 5 Forward
Center Left Wing Right Wing Time % Phy DF OF
1 Jonathan Toews James van Riemsdyk Vladimir Tarasenko 40 1 2 2
2 Shawn Matthias Tomas Kopecky Brad Boyes 30 1 2 2
3 Brett Sutter Kevin Porter Paul Bissonnette 20 1 2 2
4 Jim Slater Eric Selleck Brad Boyes 10 1 2 2
5 vs 5 Defense
Defense Defense Time % Phy DF OF
1 Ryan Suter Fedor Tyutin 40 1 2 2
2 Jason Garrison Jared Cowen 30 1 2 2
3 Alexei Emelin Cory Sarich 20 1 2 2
4 Brian Strait Ryan Suter 10 1 2 2
PowerPlay Forward
Center Left Wing Right Wing Time % Phy DF OF
1 Jonathan Toews James van Riemsdyk Brad Boyes 60 1 2 2
2 Shawn Matthias Tomas Kopecky Vladimir Tarasenko 40 1 2 2
PowerPlay Defense
Defense Defense Time % Phy DF OF
1 Ryan Suter Fedor Tyutin 60 1 2 2
2 Jason Garrison Jared Cowen 40 1 2 2
Penalty Kill 4 Players Forward
Center Wing Time % Phy DF OF
1 Jonathan Toews James van Riemsdyk 60 1 2 2
2 Brad Boyes Vladimir Tarasenko 40 1 2 2
Penalty Kill 4 Players Defense
Defense Defense Time % Phy DF OF
1 Ryan Suter Fedor Tyutin 60 1 2 2
2 Jason Garrison Jared Cowen 40 1 2 2
Penalty Kill - 3 Players Forward
Forward Time % Phy DF OF
1 Jonathan Toews 60 1 2 2
2 James van Riemsdyk 40 1 2 2
Penalty Kill - 3 Players Defense
Defense Defense Time % Phy DF OF
1 Ryan Suter Fedor Tyutin 60 1 2 2
2 Jason Garrison Jared Cowen 40 1 2 2
4 vs 4 Forward
Center Wing Time % Phy DF OF
1 Jonathan Toews James van Riemsdyk 60 1 2 2
2 Brad Boyes Vladimir Tarasenko 40 1 2 2
4 vs 4 Defense
Defense Defense Time % Phy DF OF
1 Ryan Suter Fedor Tyutin 60 1 2 2
2 Jason Garrison Jared Cowen 40 1 2 2
Last Minutes Offensive
Center Left Wing Right Wing Defense Defense
Jonathan Toews James van Riemsdyk Brad Boyes Ryan Suter Fedor Tyutin
Last Minutes Defensive
Center Left Wing Right Wing Defense Defense
Jonathan Toews James van Riemsdyk Brad Boyes Ryan Suter Fedor Tyutin
Goaltenders
Starting : Roberto Luongo
Backup : Jonas Gustavsson
Extra Forwards
Normal : Kevin Porter, Brett Sutter, Paul Bissonnette - PP : Kevin Porter, Brett Sutter - PK : Paul Bissonnette
Extra Defensemen
Normal : Alexei Emelin, Cory Sarich, Brian Strait - PP : Alexei Emelin - PK : Cory Sarich, Brian Strait
Penalty Shots
Jonathan Toews, James van Riemsdyk, Brad Boyes, Vladimir Tarasenko, Shawn Matthias
Canadiens
5 vs 5 Forward
Center Left Wing Right Wing Time % Phy DF OF
1 Nick Bjugstad Mats Zuccarello Reilly Smith 35 1 1 3
2 Brandon Pirri Drew Stafford Milan Michalek 35 1 1 3
3 Derek Roy Andy Miele Drayson Bowman 20 3 1 1
4 Kyle Chipchura Brad Malone Patrick Eaves 10 3 1 1
5 vs 5 Defense
Defense Defense Time % Phy DF OF
1 Alexander Edler Michael Stone 40 2 1 2
2 Jake Gardiner Nikita Nikitin 30 2 3 0
3 Michal Rozsival Deryk Engelland 20 2 3 0
4 Alexander Edler Michael Stone 10 2 1 2
PowerPlay Forward
Center Left Wing Right Wing Time % Phy DF OF
1 Nick Bjugstad Mats Zuccarello Reilly Smith 60 1 1 3
2 Brandon Pirri Drew Stafford Milan Michalek 40 1 1 3
PowerPlay Defense
Defense Defense Time % Phy DF OF
1 Alexander Edler Michael Stone 60 2 2 1
2 Jake Gardiner Nikita Nikitin 40 2 2 1
Penalty Kill 4 Players Forward
Center Wing Time % Phy DF OF
1 Derek Roy Milan Michalek 60 2 3 0
2 Brandon Pirri Mats Zuccarello 40 2 3 0
Penalty Kill 4 Players Defense
Defense Defense Time % Phy DF OF
1 Alexander Edler Nikita Nikitin 60 2 3 0
2 Michael Stone Jake Gardiner 40 2 3 0
Penalty Kill - 3 Players Forward
Forward Time % Phy DF OF
1 Milan Michalek 60 2 3 0
2 Mats Zuccarello 40 2 3 0
Penalty Kill - 3 Players Defense
Defense Defense Time % Phy DF OF
1 Alexander Edler Nikita Nikitin 60 2 3 0
2 Michael Stone Jake Gardiner 40 2 3 0
4 vs 4 Forward
Center Wing Time % Phy DF OF
1 Nick Bjugstad Reilly Smith 60 1 1 3
2 Brandon Pirri Mats Zuccarello 40 1 1 3
4 vs 4 Defense
Defense Defense Time % Phy DF OF
1 Alexander Edler Michael Stone 60 2 1 2
2 Jake Gardiner Nikita Nikitin 40 2 1 2
Last Minutes Offensive
Center Left Wing Right Wing Defense Defense
Nick Bjugstad Mats Zuccarello Reilly Smith Alexander Edler Michael Stone
Last Minutes Defensive
Center Left Wing Right Wing Defense Defense
Derek Roy Mats Zuccarello Milan Michalek Alexander Edler Nikita Nikitin
Goaltenders
Starting : Steve Mason
Backup : Niklas Backstrom
Extra Forwards
Normal : Milan Michalek, Nick Bjugstad, Reilly Smith - PP : Milan Michalek, Nick Bjugstad - PK : Andy Miele
Extra Defensemen
Normal : Jake Gardiner, Alexander Edler, Nikita Nikitin - PP : Jake Gardiner - PK : Nikita Nikitin, Alexander Edler
Penalty Shots
Mats Zuccarello, Brandon Pirri, Reilly Smith, Nick Bjugstad, Milan Michalek
% Time on Ice - Panthers
Lines # - Real PCT - Wanted PCT - Time Play
Normal Forward
1 - 36% - 40% - 17:18
2 - 25% - 30% - 12:17
3 - 28% - 20% - 13:33
4 - 11% - 10% - 5:20
Normal Defense
1 - 45% - 40% - 22:02
2 - 30% - 30% - 14:44
3 - 16% - 20% - 7:47
4 - 8% - 10% - 3:55
PP Forward
1 - 56% - 60% - 3:09
2 - 44% - 40% - 2:26
PP Defense
1 - 53% - 60% - 2:57
2 - 47% - 40% - 2:38
PK Forward
1 - 64% - 60% - 3:48
2 - 36% - 40% - 2:09
PK Defense
1 - 46% - 60% - 2:43
2 - 54% - 40% - 3:14
PK3 Forward
1 - 0% - 60%
2 - 0% - 40%
PK3 Defense
1 - 0% - 60%
2 - 0% - 40%
44 Forward
1 - 0% - 60%
2 - 0% - 40%
44 Defense
1 - 0% - 60%
2 - 0% - 40%
Last Minute Offensive - 0:00
Last Minute Defensive - 0:00
Total
Forward - 60:00
Defense - 60:00
|
% Time on Ice - Canadiens
Lines # - Real PCT - Wanted PCT - Time Play
Normal Forward
1 - 31% - 35% - 14:59
2 - 30% - 35% - 14:31
3 - 25% - 20% - 12:01
4 - 14% - 10% - 6:57
Normal Defense
1 - 36% - 40% - 17:32
2 - 32% - 30% - 15:23
3 - 32% - 20% - 15:19
4 - 0% - 10% - 0:14
PP Forward
1 - 54% - 60% - 3:12
2 - 46% - 40% - 2:45
PP Defense
1 - 57% - 60% - 3:23
2 - 43% - 40% - 2:34
PK Forward
1 - 74% - 60% - 4:09
2 - 26% - 40% - 1:26
PK Defense
1 - 56% - 60% - 3:09
2 - 44% - 40% - 2:26
PK3 Forward
1 - 0% - 60%
2 - 0% - 40%
PK3 Defense
1 - 0% - 60%
2 - 0% - 40%
44 Forward
1 - 0% - 60%
2 - 0% - 40%
44 Defense
1 - 0% - 60%
2 - 0% - 40%
Last Minute Offensive - 0:00
Last Minute Defensive - 0:00
Total
Forward - 60:00
Defense - 60:00
|
Play by Play
1st period
0:01 of 1st period - Jonathan Toews wins face-off versus Nick Bjugstad in neutral zone.
0:05 of 1st period - Vladimir Tarasenko is hit by Alexander Edler and loses puck.
0:14 of 1st period - Shot by Michael Stone.
0:14 of 1st period - Shot Misses the Net.
0:18 of 1st period - Shot by Nick Bjugstad.
0:18 of 1st period - Shot Misses the Net.
0:20 of 1st period - Shot by Michael Stone.
0:20 of 1st period - Shot Blocked by James van Riemsdyk.
0:22 of 1st period - Shot by Michael Stone.
0:22 of 1st period - Shot Misses the Net.
0:28 of 1st period - Shot by Reilly Smith.
0:28 of 1st period - Stopped by Roberto Luongo without a rebound.
0:29 of 1st period - Brad Boyes wins face-off versus Brandon Pirri in Panthers zone.
1:14 of 1st period - Off-side.
1:15 of 1st period - Derek Roy wins face-off versus Paul Bissonnette in neutral zone.
1:42 of 1st period - Brett Sutter is hit by Michal Rozsival and loses puck.
1:45 of 1st period - Shot by Kevin Porter.
1:45 of 1st period - Stopped by Steve Mason without a rebound.
1:46 of 1st period - Jonathan Toews wins face-off versus Kyle Chipchura in Canadiens zone.
2:17 of 1st period - Off-side.
2:18 of 1st period - Nick Bjugstad wins face-off versus Jim Slater in neutral zone.
2:27 of 1st period - Shot by Mats Zuccarello.
2:27 of 1st period - Deflect By Nick Bjugstad.
2:27 of 1st period - Stopped by Roberto Luongo without a rebound.
2:28 of 1st period - Brandon Pirri wins face-off versus Brett Sutter in Panthers zone.
2:28 of 1st period - Milan Michalek is hit by Brian Strait and loses puck.
2:42 of 1st period - Shot by Drew Stafford.
2:42 of 1st period - Shot Misses the Net.
2:45 of 1st period - Milan Michalek is hit by Ryan Suter and loses puck.
3:19 of 1st period - Off-side.
3:20 of 1st period - Jonathan Toews wins face-off versus Derek Roy in neutral zone.
3:56 of 1st period - James van Riemsdyk is hit by Michael Stone and loses puck.
4:05 of 1st period - Icing by Alexander Edler.
4:06 of 1st period - Shawn Matthias wins face-off versus Derek Roy in Canadiens zone.
4:22 of 1st period - Icing by Cory Sarich.
4:23 of 1st period - Nick Bjugstad wins face-off versus Brad Boyes in Panthers zone.
4:24 of 1st period - Shot by Mats Zuccarello.
4:24 of 1st period - Shot Misses the Net.
4:30 of 1st period - Nikita Nikitin is hit by Shawn Matthias and loses puck.
4:35 of 1st period - Shot by Shawn Matthias.
4:35 of 1st period - Shot Misses the Net.
4:37 of 1st period - Shot by Tomas Kopecky.
4:37 of 1st period - Stopped by Steve Mason without a rebound.
4:38 of 1st period - Brett Sutter wins face-off versus Brandon Pirri in Canadiens zone.
4:59 of 1st period - Shot by Paul Bissonnette.
4:59 of 1st period - Shot Misses the Net.
5:28 of 1st period - Minor Penalty to Ryan Suter for Interference.
5:29 of 1st period - Jonathan Toews wins face-off versus Nick Bjugstad in Panthers zone.
6:57 of 1st period - Fedor Tyutin is hit by Reilly Smith and loses puck.
7:13 of 1st period - Icing by Nick Bjugstad.
7:14 of 1st period - Brad Boyes wins face-off versus Nick Bjugstad in Canadiens zone.
7:15 of 1st period - Shot by Vladimir Tarasenko.
7:15 of 1st period - Stopped by Steve Mason without a rebound.
7:16 of 1st period - Brad Boyes wins face-off versus Brandon Pirri in Canadiens zone.
7:17 of 1st period - Shot by Vladimir Tarasenko.
7:17 of 1st period - Deflect By Brad Boyes.
7:17 of 1st period - Shot Misses the Net.
7:25 of 1st period - Shot by Vladimir Tarasenko.
7:25 of 1st period - Stopped by Steve Mason without a rebound.
7:26 of 1st period - Jonathan Toews wins face-off versus Brandon Pirri in Canadiens zone.
7:31 of 1st period - Shot by Kevin Porter.
7:31 of 1st period - Deflect By Brett Sutter.
7:31 of 1st period - Stopped by Steve Mason without a rebound.
7:32 of 1st period - Shawn Matthias wins face-off versus Kyle Chipchura in Canadiens zone.
7:36 of 1st period - Tomas Kopecky is hit by Nikita Nikitin and loses puck.
8:45 of 1st period - Shot by Vladimir Tarasenko.
8:45 of 1st period - Shot Blocked by Deryk Engelland.
8:47 of 1st period - Shot by Cory Sarich.
8:47 of 1st period - Shot Blocked by Michal Rozsival.
8:49 of 1st period - Shot by Jonathan Toews.
8:49 of 1st period - Stopped by Steve Mason without a rebound.
8:50 of 1st period - Nick Bjugstad wins face-off versus Brett Sutter in Canadiens zone.
8:55 of 1st period - Shot by Kevin Porter.
8:55 of 1st period - Shot Blocked by Michael Stone.
8:58 of 1st period - Icing by Michael Stone.
8:59 of 1st period - Jim Slater wins face-off versus Nick Bjugstad in Canadiens zone.
9:18 of 1st period - Shot by Brad Boyes.
9:18 of 1st period - Shot Misses the Net.
9:54 of 1st period - Shot by Jonathan Toews.
9:54 of 1st period - Stopped by Steve Mason without a rebound.
9:55 of 1st period - Jonathan Toews wins face-off versus Derek Roy in Canadiens zone.
9:57 of 1st period - Minor Penalty to James van Riemsdyk for Tripping.
9:58 of 1st period - Brandon Pirri wins face-off versus Jonathan Toews in Panthers zone.
11:13 of 1st period - Shot by Mats Zuccarello.
11:13 of 1st period - Stopped by Roberto Luongo without a rebound.
11:14 of 1st period - Nick Bjugstad wins face-off versus Brad Boyes in Panthers zone.
11:19 of 1st period - Shot by Nick Bjugstad.
11:19 of 1st period - Stopped by Roberto Luongo without a rebound.
11:20 of 1st period - Brad Boyes wins face-off versus Nick Bjugstad in Panthers zone.
12:35 of 1st period - Derek Roy is hit by Tomas Kopecky and loses puck.
12:39 of 1st period - Icing by Michal Rozsival.
12:40 of 1st period - Brett Sutter wins face-off versus Derek Roy in Canadiens zone.
12:41 of 1st period - Shot by Paul Bissonnette.
12:41 of 1st period - Deflect By Kevin Porter.
12:41 of 1st period - Stopped by Steve Mason without a rebound.
12:42 of 1st period - Jonathan Toews wins face-off versus Milan Michalek in Canadiens zone.
13:11 of 1st period - Minor Penalty to Drew Stafford for Hooking.
13:12 of 1st period - Shawn Matthias wins face-off versus Derek Roy in Canadiens zone.
14:51 of 1st period - Shot by Kevin Porter.
14:51 of 1st period - Shot Misses the Net.
14:53 of 1st period - Shot by Kevin Porter.
14:53 of 1st period - Deflect By Tomas Kopecky.
14:53 of 1st period - Goal by Tomas Kopecky - Panthers : 1 - Canadiens : 0.
14:54 of 1st period - Nick Bjugstad wins face-off versus Brett Sutter in neutral zone.
15:07 of 1st period - Shot by Kevin Porter.
15:07 of 1st period - Shot Blocked by Michal Rozsival.
15:09 of 1st period - Shot by Kevin Porter.
15:09 of 1st period - Goal by Kevin Porter - Panthers : 2 - Canadiens : 0.
15:10 of 1st period - Brett Sutter wins face-off versus Kyle Chipchura in neutral zone.
15:27 of 1st period - Shot by Kevin Porter.
15:27 of 1st period - Shot Misses the Net.
15:34 of 1st period - Minor Penalty to Alexander Edler for Tripping.
15:35 of 1st period - Derek Roy wins face-off versus Jonathan Toews in Canadiens zone.
16:07 of 1st period - Shot by Jason Garrison.
16:07 of 1st period - Shot Misses the Net.
17:15 of 1st period - Michal Rozsival is hit by Kevin Porter and loses puck.
17:28 of 1st period - Shot by Jonathan Toews.
17:28 of 1st period - Goal by Jonathan Toews - Panthers : 3 - Canadiens : 0.
17:29 of 1st period - Kyle Chipchura wins face-off versus Brett Sutter in neutral zone.
17:36 of 1st period - Shot by Kyle Chipchura.
17:36 of 1st period - Shot Misses the Net.
17:37 of 1st period - Minor Penalty to Cory Sarich for Tripping.
17:38 of 1st period - Jonathan Toews wins face-off versus Nick Bjugstad in Panthers zone.
18:05 of 1st period - Mats Zuccarello is hit by Vladimir Tarasenko.
18:26 of 1st period - Off-side.
18:27 of 1st period - Jonathan Toews wins face-off versus Milan Michalek in neutral zone.
18:27 of 1st period - Jonathan Toews is hit by Brandon Pirri.
19:21 of 1st period - Shot by Michael Stone.
19:21 of 1st period - Shot Blocked by Ryan Suter.
19:23 of 1st period - Shot by Alexander Edler.
19:23 of 1st period - Shot Misses the Net.
19:25 of 1st period - Shot by Alexander Edler.
19:25 of 1st period - Deflect By Reilly Smith.
19:25 of 1st period - Stopped by Roberto Luongo without a rebound.
19:26 of 1st period - Jonathan Toews wins face-off versus Brandon Pirri in Panthers zone.
19:58 of 1st period - Derek Roy is hit by Alexei Emelin and loses puck.
Goals for this period are 3 for Panthers vs 0 for Canadiens.
Shots for this period are 11 for Panthers vs 5 for Canadiens.
2nd period
0:01 of 2nd period - Jonathan Toews wins face-off versus Nick Bjugstad in neutral zone.
0:18 of 2nd period - Shot by Vladimir Tarasenko.
0:18 of 2nd period - Shot Misses the Net.
1:57 of 2nd period - Shot by Milan Michalek.
1:57 of 2nd period - Deflect By Brandon Pirri.
1:57 of 2nd period - Shot Misses the Net.
1:59 of 2nd period - Shot by Drew Stafford.
1:59 of 2nd period - Shot Misses the Net.
2:01 of 2nd period - Shot by Brandon Pirri.
2:01 of 2nd period - Stopped by Roberto Luongo without a rebound.
2:02 of 2nd period - Brett Sutter wins face-off versus Derek Roy in Panthers zone.
2:10 of 2nd period - Icing by Andy Miele.
2:11 of 2nd period - Derek Roy wins face-off versus Brett Sutter in Canadiens zone.
2:17 of 2nd period - Shot by Kevin Porter.
2:17 of 2nd period - Shot Misses the Net.
2:19 of 2nd period - Shot by Ryan Suter.
2:19 of 2nd period - Stopped by Steve Mason without a rebound.
2:20 of 2nd period - Jonathan Toews wins face-off versus Brandon Pirri in Canadiens zone.
2:23 of 2nd period - Shot by Vladimir Tarasenko.
2:23 of 2nd period - Shot Misses the Net.
2:32 of 2nd period - Fedor Tyutin is hit by Drew Stafford and loses puck.
2:33 of 2nd period - Fedor Tyutin from Panthers is injured at 2:33 of 2nd period (Sore Right Knee).
2:34 of 2nd period - Brett Sutter wins face-off versus Derek Roy in neutral zone.
2:34 of 2nd period - Ryan Suter is hit by Andy Miele and loses puck.
2:46 of 2nd period - Shot by Drayson Bowman.
2:46 of 2nd period - Stopped by Roberto Luongo without a rebound.
2:47 of 2nd period - Jonathan Toews wins face-off versus Brandon Pirri in Panthers zone.
2:47 of 2nd period - Jonathan Toews is hit by Brandon Pirri.
3:00 of 2nd period - Ryan Suter is hit by Milan Michalek and loses puck.
3:19 of 2nd period - Shot by Milan Michalek.
3:19 of 2nd period - Stopped by Roberto Luongo with a rebound.
3:21 of 2nd period - Shot by Drew Stafford.
3:21 of 2nd period - Stopped by Roberto Luongo with a rebound.
3:23 of 2nd period - Shot by Nikita Nikitin.
3:23 of 2nd period - Stopped by Roberto Luongo without a rebound.
3:24 of 2nd period - Shawn Matthias wins face-off versus Derek Roy in Panthers zone.
3:24 of 2nd period - Shawn Matthias is hit by Andy Miele.
4:34 of 2nd period - Off-side.
4:35 of 2nd period - Jonathan Toews wins face-off versus Brandon Pirri in neutral zone.
5:05 of 2nd period - Shot by Brandon Pirri.
5:05 of 2nd period - Shot Blocked by Ryan Suter.
5:35 of 2nd period - Icing by Ryan Suter.
5:36 of 2nd period - Kyle Chipchura wins face-off versus Jonathan Toews in Panthers zone.
5:51 of 2nd period - Shot by Brad Malone.
5:51 of 2nd period - Stopped by Roberto Luongo without a rebound.
5:52 of 2nd period - Nick Bjugstad wins face-off versus Brett Sutter in Panthers zone.
5:52 of 2nd period - Nick Bjugstad is hit by Jared Cowen.
6:10 of 2nd period - Shot by Paul Bissonnette.
6:10 of 2nd period - Shot Misses the Net.
9:18 of 2nd period - Icing by Brian Strait.
9:19 of 2nd period - Nick Bjugstad wins face-off versus Brett Sutter in Panthers zone.
9:38 of 2nd period - Shot by Reilly Smith.
9:38 of 2nd period - Deflect By Mats Zuccarello.
9:38 of 2nd period - Stopped by Roberto Luongo without a rebound.
9:39 of 2nd period - Derek Roy wins face-off versus Shawn Matthias in Panthers zone.
9:51 of 2nd period - Icing by Jason Garrison.
9:52 of 2nd period - Nick Bjugstad wins face-off versus Shawn Matthias in Panthers zone.
10:11 of 2nd period - Shot by Mats Zuccarello.
10:11 of 2nd period - Shot Misses the Net.
11:19 of 2nd period - Off-side.
11:20 of 2nd period - Kyle Chipchura wins face-off versus Vladimir Tarasenko in neutral zone.
11:39 of 2nd period - Shot by Kyle Chipchura.
11:39 of 2nd period - Shot Misses the Net.
11:47 of 2nd period - Shot by Kyle Chipchura.
11:47 of 2nd period - Stopped by Roberto Luongo without a rebound.
11:48 of 2nd period - Brett Sutter wins face-off versus Brandon Pirri in Panthers zone.
12:09 of 2nd period - Shot by Kevin Porter.
12:09 of 2nd period - Stopped by Steve Mason without a rebound.
12:10 of 2nd period - Nick Bjugstad wins face-off versus Jonathan Toews in Canadiens zone.
12:28 of 2nd period - Icing by James van Riemsdyk.
12:29 of 2nd period - Drew Stafford wins face-off versus Jonathan Toews in Panthers zone.
12:42 of 2nd period - Ryan Suter is hit by Brandon Pirri and loses puck.
13:37 of 2nd period - Shot by Nick Bjugstad.
13:37 of 2nd period - Stopped by Roberto Luongo with a rebound.
13:43 of 2nd period - Kevin Porter is hit by Nick Bjugstad and loses puck.
14:42 of 2nd period - Icing by Alexander Edler.
14:43 of 2nd period - Kyle Chipchura wins face-off versus Jonathan Toews in Canadiens zone.
15:22 of 2nd period - Shot by James van Riemsdyk.
15:22 of 2nd period - Shot Misses the Net.
15:48 of 2nd period - Shot by Jake Gardiner.
15:48 of 2nd period - Deflect By Milan Michalek.
15:48 of 2nd period - Stopped by Roberto Luongo without a rebound.
15:49 of 2nd period - Nick Bjugstad wins face-off versus Shawn Matthias in Panthers zone.
17:54 of 2nd period - Jason Garrison is hit by Nikita Nikitin and loses puck.
18:03 of 2nd period - Shot by Vladimir Tarasenko.
18:03 of 2nd period - Deflect By Kevin Porter.
18:03 of 2nd period - Stopped by Steve Mason with a rebound.
18:05 of 2nd period - Shot by Ryan Suter.
18:05 of 2nd period - Stopped by Steve Mason without a rebound.
18:06 of 2nd period - Jonathan Toews wins face-off versus Kyle Chipchura in Canadiens zone.
18:58 of 2nd period - Icing by Jason Garrison.
18:59 of 2nd period - Jim Slater wins face-off versus Brandon Pirri in Panthers zone.
19:25 of 2nd period - Icing by Brandon Pirri.
19:26 of 2nd period - Brandon Pirri wins face-off versus Vladimir Tarasenko in Canadiens zone.
19:26 of 2nd period - Brandon Pirri is hit by James van Riemsdyk.
19:42 of 2nd period - Brian Strait is hit by Brandon Pirri.
Goals for this period are 0 for Panthers vs 0 for Canadiens.
Shots for this period are 4 for Panthers vs 10 for Canadiens.
3rd period
0:01 of 3rd period - Nick Bjugstad wins face-off versus Jonathan Toews in neutral zone.
0:45 of 3rd period - Icing by Jonathan Toews.
0:46 of 3rd period - Brandon Pirri wins face-off versus Jonathan Toews in Panthers zone.
0:59 of 3rd period - Shot by Milan Michalek.
0:59 of 3rd period - Shot Blocked by Alexei Emelin.
1:19 of 3rd period - Shot by Jason Garrison.
1:19 of 3rd period - Shot Misses the Net.
1:33 of 3rd period - Shot by Brad Boyes.
1:33 of 3rd period - Shot Misses the Net.
2:10 of 3rd period - Kevin Porter is hit by Nikita Nikitin and loses puck.
2:46 of 3rd period - Shot by Mats Zuccarello.
2:46 of 3rd period - Deflect By Reilly Smith.
2:46 of 3rd period - Shot Misses the Net.
2:48 of 3rd period - Shot by Nick Bjugstad.
2:48 of 3rd period - Stopped by Roberto Luongo without a rebound.
2:49 of 3rd period - Derek Roy wins face-off versus Jonathan Toews in Panthers zone.
2:58 of 3rd period - Shot by Drayson Bowman.
2:58 of 3rd period - Shot Misses the Net.
3:09 of 3rd period - Vladimir Tarasenko is hit by Michal Rozsival and loses puck.
3:16 of 3rd period - Shot by James van Riemsdyk.
3:16 of 3rd period - Stopped by Steve Mason without a rebound.
3:17 of 3rd period - Shawn Matthias wins face-off versus Nick Bjugstad in Canadiens zone.
3:21 of 3rd period - Shot by Brad Boyes.
3:21 of 3rd period - Deflect By Tomas Kopecky.
3:21 of 3rd period - Shot Misses the Net.
3:56 of 3rd period - Nick Bjugstad is hit by Brian Strait and loses puck.
4:00 of 3rd period - Icing by Ryan Suter.
4:01 of 3rd period - Derek Roy wins face-off versus Brett Sutter in Panthers zone.
4:06 of 3rd period - Shot by Andy Miele.
4:06 of 3rd period - Shot Misses the Net.
4:13 of 3rd period - Icing by Ryan Suter.
4:14 of 3rd period - Kyle Chipchura wins face-off versus Brett Sutter in Panthers zone.
4:20 of 3rd period - Icing by Brian Strait.
4:21 of 3rd period - Brett Sutter wins face-off versus Derek Roy in Panthers zone.
5:51 of 3rd period - Shot by Brad Boyes.
5:51 of 3rd period - Shot Misses the Net.
5:55 of 3rd period - Shot by Tomas Kopecky.
5:55 of 3rd period - Deflect By Shawn Matthias.
5:55 of 3rd period - Shot Misses the Net.
6:15 of 3rd period - Jared Cowen is hit by Nick Bjugstad and loses puck.
7:18 of 3rd period - Icing by Nikita Nikitin.
7:19 of 3rd period - Jonathan Toews wins face-off versus Brandon Pirri in Canadiens zone.
7:24 of 3rd period - Shot by Jonathan Toews.
7:24 of 3rd period - Shot Misses the Net.
7:41 of 3rd period - James van Riemsdyk is hit by Nikita Nikitin.
7:43 of 3rd period - Shot by Jonathan Toews.
7:43 of 3rd period - Shot Misses the Net.
7:45 of 3rd period - Shot by Vladimir Tarasenko.
7:45 of 3rd period - Shot Misses the Net.
7:47 of 3rd period - Shot by James van Riemsdyk.
7:47 of 3rd period - Shot Misses the Net.
7:49 of 3rd period - Shot by Alexei Emelin.
7:49 of 3rd period - Deflect By James van Riemsdyk.
7:49 of 3rd period - Shot Misses the Net.
8:45 of 3rd period - Shawn Matthias is hit by Deryk Engelland and loses puck.
9:06 of 3rd period - Shot by Tomas Kopecky.
9:06 of 3rd period - Shot Misses the Net.
10:03 of 3rd period - Shot by Brad Boyes.
10:03 of 3rd period - Stopped by Steve Mason without a rebound.
10:04 of 3rd period - Brett Sutter wins face-off versus Kyle Chipchura in Canadiens zone.
10:04 of 3rd period - Brett Sutter is hit by Michael Stone.
10:09 of 3rd period - Paul Bissonnette is hit by Michael Stone and loses puck.
13:00 of 3rd period - Icing by Brian Strait.
13:01 of 3rd period - Brett Sutter wins face-off versus Brad Malone in Panthers zone.
13:01 of 3rd period - Brett Sutter is hit by Brad Malone.
14:23 of 3rd period - Shot by James van Riemsdyk.
14:23 of 3rd period - Stopped by Steve Mason without a rebound.
14:24 of 3rd period - Brett Sutter wins face-off versus Drayson Bowman in Canadiens zone.
15:00 of 3rd period - Icing by Andy Miele.
15:01 of 3rd period - Derek Roy wins face-off versus Jonathan Toews in Canadiens zone.
16:01 of 3rd period - Jake Gardiner is hit by James van Riemsdyk and loses puck.
16:36 of 3rd period - Minor Penalty to Kyle Chipchura for Roughing.
16:37 of 3rd period - Jonathan Toews wins face-off versus Derek Roy in Canadiens zone.
17:22 of 3rd period - Michael Stone is hit by Shawn Matthias and loses puck.
18:08 of 3rd period - Shot by Ryan Suter.
18:08 of 3rd period - Stopped by Steve Mason with a rebound.
18:10 of 3rd period - Shot by Jim Slater.
18:10 of 3rd period - Stopped by Steve Mason without a rebound.
18:11 of 3rd period - Jonathan Toews wins face-off versus Derek Roy in Canadiens zone.
18:22 of 3rd period - Shot by Brian Strait.
18:22 of 3rd period - Stopped by Steve Mason without a rebound.
18:23 of 3rd period - Shawn Matthias wins face-off versus Milan Michalek in Canadiens zone.
18:28 of 3rd period - Shot by Alexei Emelin.
18:28 of 3rd period - Stopped by Steve Mason without a rebound.
18:29 of 3rd period - Shawn Matthias wins face-off versus Derek Roy in Canadiens zone.
18:32 of 3rd period - Shot by Vladimir Tarasenko.
18:32 of 3rd period - Stopped by Steve Mason without a rebound.
18:33 of 3rd period - Jonathan Toews wins face-off versus Derek Roy in Canadiens zone.
19:10 of 3rd period - Paul Bissonnette is hit by Deryk Engelland and loses puck.
19:21 of 3rd period - Shot by Jonathan Toews.
19:21 of 3rd period - Stopped by Steve Mason without a rebound.
19:22 of 3rd period - Nick Bjugstad wins face-off versus Jonathan Toews in Canadiens zone.
19:30 of 3rd period - Shot by James van Riemsdyk.
19:30 of 3rd period - Stopped by Steve Mason without a rebound.
19:31 of 3rd period - Brandon Pirri wins face-off versus Shawn Matthias in Canadiens zone.
19:31 of 3rd period - Brandon Pirri is hit by Shawn Matthias.
19:39 of 3rd period - Shot by Milan Michalek.
19:39 of 3rd period - Stopped by Roberto Luongo without a rebound.
19:40 of 3rd period - Jonathan Toews wins face-off versus Nick Bjugstad in Panthers zone.
Goals for this period are 0 for Panthers vs 0 for Canadiens.
Shots for this period are 10 for Panthers vs 2 for Canadiens.
Output by the SimonT Hockey Simulator (STHS) for Mathias Vaigur -- Original Page W3C XHTML 1.0 Valid